 Dungeon Crawl Stone Soup version 0.13.1-22-g086cdba (webtiles) character file.

198 Kae the Insei (level 4, 0/35 HPs)
             Began as a Draconian Transmuter on Jan 1, 2014.
             Succumbed to a kobold's poison
             ... on Level 2 of the Dungeon.
             The game lasted 00:02:27 (1915 turns).

Kae the Insei (Draconian Transmuter)                Turns: 1915, Time: 00:02:27

HP   0/35        AC  5     Str 12      XL: 4   Next: 29%
MP   6/6         EV 12     Int 13      God:
Gold 110         SH  0     Dex 13      Spells:  1 memorised,  6 levels left

Res.Fire  : . . .   See Invis. : .     - Unarmed
Res.Cold  : . . .   Warding    : .   (armour unavailable)
Life Prot.: . . .   Conserve   : .   (no shield)
Res.Poison: .       Res.Corr.  : .   (helmet restricted)
Res.Elec. : .       Clarity    : .   (no cloak)
Sust.Abil.: . .     Spirit.Shd : .   (no gloves)
Res.Mut.  : .       Stasis     : .   (no boots)
Res.Rott. : .       Flight     : .   (no amulet)
Saprovore : . . .                    (no ring)
                                     (no ring)

@: mildly poisoned, slightly resistant to hostile enchantments, unstealthy
A: unfitting armour, AC +5
a: no special abilities


You were on level 2 of the Dungeon.
You were full.

You visited 1 branch of the dungeon, and saw 2 of its levels.

You collected 90 gold pieces.

Inventory:

Missiles
 b - 26 arrows
Comestibles
 a - a bread ration
 k - a meat ration
 l - a chunk of quokka flesh
Scrolls
 g - a scroll of blinking {unknown}
 i - 3 scrolls of identify {unknown}
 j - a scroll of amnesia {unknown}
Jewellery
 f - a cursed ring of hunger {unknown}
Potions
 c - a potion of porridge
 e - a potion of heal wounds {unknown}
 h - a potion of restore abilities {unknown}
Books
 d - a book of Changes

   Spells                             Type                      Level
   *Beastly Appendage                 Transmutation                1
   Sticks to Snakes                   Transmutation                2
   Spider Form                        Transmutation/Poison         3
   Ice Form                           Ice/Transmutation            4
   Blade Hands                        Transmutation                5
Magical staves
 m - an uncursed staff of poison


   Skills:
 - Level 1.1 Fighting
 - Level 1.7 Dodging
 * Level 5.1 Unarmed Combat
 - Level 2.0 Spellcasting
 - Level 2.0 Transmutations


You had 6 spell levels left.
You knew the following spells:

 Your Spells              Type           Power        Failure   Level  Hunger
a - Beastly Appendage     Trmt           #.....       12%         1    ##.....


Dungeon Overview and Level Annotations

Branches:
Dungeon (2/27)

Altars:

Annotations:
D:2 Sigmund


Message History

* * * LOW HITPOINT WARNING * * *
You feel sick.
You start resting.
* * * LOW HITPOINT WARNING * * *
You feel sick.
You start resting.
* * * LOW HITPOINT WARNING * * *
You feel sick.
You start resting.
* * * LOW HITPOINT WARNING * * *
You feel sick.
You start resting.
* * * LOW HITPOINT WARNING * * *
You feel sick.
You start resting.
* * * LOW HITPOINT WARNING * * *
You feel sick.
Drink which item? (? for menu, Esc to quit)
That potion was really gluggy!
It was a potion of porridge.
You die...

######## #######
.......# ###########
#.....# .......#
#.........# #.....#
.......#
###.........####.....#
..)....#
.............##.....#
.......+
#.........#..#.....#
..(....#
#.........##.#.....#
.......#
#.........##.#.....'
.......#
#..@......##.'.....#
###'####
#.........####.....#
##..# #######.###
#.....# #..## ##..>#
#.....# #.## #..###
###'### #.# #####.##
#.### #'#####
#......#### #....
......# ###.........#
########. ......#
#........##.#
#........


There were no monsters in sight!

Vanquished Creatures
  4 adders (D:2)
  A giant mite (D:2)
  2 giant geckos
  A ball python (D:1)
  4 bats
  5 hobgoblins
  A quokka (D:2)
  A giant cockroach (D:2)
  4 giant newts
  10 goblins
  7 kobolds
  4 rats
44 creatures vanquished.

Notes
Turn   | Place    | Note
--------------------------------------------------------------
     0 | D:1      | Kae, the Draconian Transmuter, began the quest for the Orb.
     0 | D:1      | Reached XP level 1. HP: 16/16 MP: 1/1
   148 | D:1      | Reached XP level 2. HP: 20/23 MP: 3/3
   498 | D:1      | Reached skill level 4 in Unarmed Combat
   630 | D:2      | Reached XP level 3. HP: 20/28 MP: 4/4
   745 | D:2      | HP: 1/28 [poisoned by an adder]
  1041 | D:2      | Reached XP level 4. HP: 26/35 MP: 4/6
  1605 | D:2      | Reached skill level 5 in Unarmed Combat
  1827 | D:2      | Noticed Sigmund
  1914 | D:2      | HP: 1/35 [poisoned by a kobold]
  1915 | D:2      | Succumbed to a kobold's poison

Action                   |  1- 3 |  4- 6 || total
-------------------------+-------+-------++-------
Melee: Unarmed           |   102 |    40 ||   142
       Staff             |       |    11 ||    11
 Cast: Beastly Appendage |     1 |     1 ||     2
  Use: Potion            |     2 |     1 ||     3
